 Seeded DCSS version 0.30.1-4-g462c640d31 (webtiles) character file.

Game seed: 16653573533833982129 (custom seed)

36 Psyclone the Stinger (level 3, -4/21 HPs)
             Began as an Octopode Venom Mage on Sept 18, 2023.
             Slain by a cerulean imp
             ... wielding a +1 spear
             ... summoned by Natasha
              (5 damage)
             ... on level 2 of the Dungeon.
             The game lasted 00:04:53 (1064 turns).

Psyclone the Stinger (Octopode Venom Mage)          Turns: 1064, Time: 00:04:54

Health: -4/21      AC:  1    Str:  7    XL:     3   Next: 37%
Magic:  0/6        EV: 13    Int: 25    God:
Gold:   77         SH:  0    Dex: 12    Spells: 3/6 levels left

rFire   . . .        e - +0 dagger
rCold   . . .        (no shield)
rNeg    . . .        (helmet restricted)
rPois   .            f - amulet of the acrobat
rElec   .            h - +6 ring of intelligence
rCorr   .            (no ring)
SInv    .            (no ring)
Will    .....        (no ring)
Stlth   +++          (no ring)
HPRegen 0.23/turn    (no ring)
MPRegen 0.10/turn    (no ring)
                     (no ring)

%: acrobat
@: no status effects
A: almost no armour, amphibious, 8 rings, camouflage 1, gelatinous body 1,
(nimble swimmer 1), tentacles
a: no special abilities


You were on level 2 of the Dungeon.
You visited 1 branch of the dungeon, and saw 2 of its levels.

You collected 77 gold pieces.

Inventory:

Hand Weapons
 e - a +0 dagger (weapon)
Jewellery
 f - an amulet of the acrobat (around mantle)
 h - a +6 ring of intelligence (left tentacle)
 i - the ring "Woskem Ali" {Fire rElec rPois Int+2}
   (You acquired it on level 1 of the Dungeon)

   [ring of fire]

   It enhances your fire magic.
   Int:       It affects your intelligence (+2).
   rF:        It protects you from fire.
   rC:        It makes you vulnerable to cold.
   rElec:     It insulates you from electricity.
   rPois:     It protects you from poison.
Scrolls
 b - a scroll of amnesia {unknown}
 c - a scroll of butterflies {unknown}
 g - 6 scrolls of identify {unknown}
 k - a scroll of magic mapping {unknown}
 o - a scroll of noise {unknown}
Potions
 a - a potion of magic
 d - a potion of ambrosia {unknown}
 j - a potion of might {unknown}
 l - a potion of attraction {unknown}
 m - a potion of curing {unknown}
 n - a potion of berserk rage {unknown}
 p - a potion of brilliance {unknown}


   Skills:
 - Level 2.0 Dodging
 - Level 2.6 Stealth
 - Level 2.0 Spellcasting
 - Level 1.0 Transmutations
 + Level 5.3 Poison Magic


You had 3 spell levels left.
You knew the following spells:

 Your Spells              Type           Power      Damage    Failure   Level
a - Poisonous Vapours     Pois/Air       30%        N/A       6%          2
v - Sting                 Tmut/Pois      72%        1d6       3%          1

Your spell library contained the following spells:

 Spells                   Type           Power      Damage    Failure   Level
 Mephitic Cloud           Conj/Pois/Air  11%        N/A       16%         3
 Olgreb's Toxic Radiance  Pois           29%        N/A       13%         4


Dungeon Overview and Level Annotations

Branches:
Dungeon (2/15) Zot: 10936

Altars:

Shops:
D:2 *

Annotations:
D:2 Natasha


Innate Abilities, Weirdness & Mutations

You cannot wear most types of armour.
You are amphibious.
You can wear up to eight rings at the same time.
Your skin changes colour to match your surroundings (Stealth+).
Your rubbery body absorbs attacks. (AC +1, EV +1)
((You are camouflaged when in or above water. (Stealth+)))
You have tentacles for arms and can constrict up to eight enemies at once.


Message History

You constrict Natasha, but do no damage.
Natasha barely misses you. The cerulean imp barely misses you.
You now have 4/6 mp.
Casting: Poisonous Vapours (safe; 6% risk of failure)
Confirm with . or Enter, or press ? or * to list all spells.
Aiming: Poisonous Vapours (safe; 6% risk of failure)
Press: ? - help, Dir - move target, f/p - Natasha
Aim: Natasha (lightly wounded, constricted by you, poisoned) Poisonous vapours surround Natasha!
Natasha looks even sicker.
You constrict Natasha. Natasha claws you!
The cerulean imp hits you from afar with a +1 spear.
You take 8 damage, and have 13/21 hp.
MASSIVE DAMAGE!!
You now have 2/6 mp.
Casting: Poisonous Vapours (safe; 6% risk of failure)
Confirm with . or Enter, or press ? or * to list all spells.
Aiming: Poisonous Vapours (safe; 6% risk of failure)
Press: ? - help, Dir - move target, f/p - Natasha
Aim: Natasha (lightly wounded, constricted by you, very poisoned) Poisonous vapours surround Natasha!
Natasha looks even sicker.
You constrict Natasha. Natasha casts a spell at you.
You resist with significant effort.
The cerulean imp hits you from afar with a +1 spear.
You take 1 damage, and have 12/21 hp.
You now have 0/6 mp.
Casting: Poisonous Vapours (safe; 6% risk of failure)
Confirm with . or Enter, or press ? or * to list all spells.
You don't have enough magic to cast this spell.
Unknown command.
You barely miss Natasha.
Natasha is moderately wounded.
You constrict Natasha. Natasha closely misses you.
The cerulean imp hits you from afar with a +1 spear.
You take 5 damage, and have 7/21 hp.
MASSIVE DAMAGE!!
You hit Natasha.
Natasha is severely wounded.
You constrict Natasha. Natasha casts a spell at you. The magic dart hits you!
* * * LOW HITPOINT WARNING * * *
The cerulean imp hits you from afar with a +1 spear.
You die...

######## ## #......#
.#########......###
.'.......'......+>#
.#########......#.######
.# #......#......# ##
##..>..#..[...#
#.###.#h5....# #
#.....@......# #
#######......# # ....?.#
# ....... # ....... #
.###'#. # # .. .# ..##
.# . #...


You could see Natasha (very poisoned) and a cerulean imp (summoned).

Vanquished Creatures
  4 endoplasms (D:1)
  A giant cockroach (D:2)
  2 hobgoblins (D:1)
  8 jackals (D:1)
  A quokka (D:1)
  4 ball pythons
  2 bats
  4 frilled lizards (D:1)
  3 goblins
  A kobold (D:1)
  3 rats (D:1)
33 creatures vanquished.

Notes
Turn   | Place    | Note
-------+----------+-------------------------------------------
     0 | D:1      | Psyclone the Octopode Venom Mage began the quest for the
                  | Orb.
     0 | D:1      | Reached XP level 1. HP: 11/11 MP: 3/3
    31 | D:1      | Reached skill level 4 in Poison Magic
   116 | D:1      | Reached XP level 2. HP: 17/17 MP: 3/5
   272 | D:1      | Identified a scroll of acquirement
   272 | D:1      | Acquired the ring "Woskem Ali" {Fire rElec rPois Int+2}
   289 | D:1      | Learned a level 2 spell: Poisonous Vapours
   318 | D:1      | Reached skill level 5 in Poison Magic
   318 | D:1      | Reached XP level 3. HP: 13/21 MP: 6/6
   946 | D:2      | Found Naoclo's General Store.
  1057 | D:2      | Noticed Natasha
  1064 | D:2      | HP: 1/21 [Natasha/magic dart (7)]
  1064 | D:2      | Slain by a cerulean imp

Illustrated notes

Levels and vault maps discovered:
D:1:      dpeg_arrival_tiny_k, layout_loops_ring, minmay_hexomino_c4
D:2:      layout_basic, serial_shops, shop, minmay_joined_circles, uniq_natasha,
          uniq_terence

Skill      XL: |  1  2 |
---------------+-------+-----
Poison Magic   | 4 5 |  5.3
Dodging        | |  2.0
Stealth        | |  2.6
Spellcasting   | |  2.0
Transmutations | |  1.0

Action                     || total
---------------------------++-------
  Melee: Unarmed           ||    15
         Tentacles         ||    16
         Constrict         ||    19
         Dagger            ||    60
   Cast: Sting             ||     6
         Poisonous Vapours ||     5
    Use: Scroll            ||     1
   Stab: Sleeping          ||     7
 Armour: Skin              ||     9
  Dodge: Dodged            ||    64
